 Dungeon Crawl Stone Soup version 0.28.0-45-g0d030f2227 (webtiles) character file.

Game seed: 1132095731938314487

619 zeratav the Insei (level 7, -7/48 HPs)
             Began as an Octopode Transmuter on Apr 10, 2022.
             Was an Initiate of Sif Muna.
             Mangled by Duvessa
             ... wielding a +0 short sword
              (8 damage)
             ... on level 4 of the Dungeon.
             The game lasted 00:08:08 (4352 turns).

zeratav the Insei (Octopode Transmuter)             Turns: 4352, Time: 00:08:09

Health: -7/48      AC:  1    Str:  9    XL:     7   Next: 46%
Magic:  0/10       EV: 14    Int: 16    God:    Sif Muna [......]
Gold:   123        SH:  0    Dex: 14    Spells: 9/10 levels left

rFire   . . .      SeeInvis .   k - +1 dagger (speed) {short}
rCold   . . .      Faith    .   (no shield)
rNeg    . . .      Spirit   +   (helmet currently unavailable)
rPois   .          Reflect  .   g - amulet of guardian spirit
rElec   .          Harm     .   (no ring)
rCorr   .          Rampage  .   (no ring)
Will    .....                   (no ring)
Stlth   +++.......              (no ring)
HPRegen 0.16/turn               (no ring)
MPRegen 0.12/turn               (no ring)
                                (no ring)
                                (no ring)

@: appendages (expiring)
A: tentacle spike 3, almost no armour, amphibious, 8 rings, camouflage 1,
gelatinous body 1, (nimble swimmer 1), tentacles
a: End Transformation, Renounce Religion


You were on level 4 of the Dungeon.
You worshipped Sif Muna.
Sif Muna was noncommittal.
One of your tentacles had grown a beastly spike.
You visited 1 branch of the dungeon, and saw 4 of its levels.

You collected 123 gold pieces.


Innate Abilities, Weirdness & Mutations

One of your tentacles has grown a beastly spike.
You cannot wear most types of armour.
You are amphibious.
You can wear up to eight rings at the same time.
Your skin changes colour to match your surroundings (Stealth+).
Your rubbery body absorbs attacks. (AC +1, EV +1)
((You are camouflaged when in or above water. (Stealth+)))
You have tentacles for arms and can constrict up to eight enemies at once.


   Skills:
 - Level 4.0 Fighting
 - Level 3.0 Dodging
 - Level 3.0 Stealth
 + Level 6.5 Unarmed Combat
 - Level 2.0 Spellcasting
 - Level 2.0 Transmutations


You had 9 spell levels left.
You knew the following spells:

 Your Spells              Type           Power      Damage    Failure   Level
a - Beastly Appendage     Tmut           16%        N/A       9%          1

Your spell library contained the following spells:

 Spells                   Type           Power      Damage    Failure   Level
 Wereblood                Tmut           8%         N/A       14%         2
 Spider Form              Tmut/Pois      4%         N/A       38%         3
 Ice Form                 Ice/Tmut       4%         N/A       80%         4

Inventory:

Hand Weapons
 k - a +1 dagger of speed (weapon) {short}
   (You took it off Dowan on level 4 of the Dungeon)
Jewellery
 g - an amulet of guardian spirit (around mantle)
   (You found it on level 2 of the Dungeon)
Scrolls
 c - a scroll of summoning {unknown}
 d - 3 scrolls of identify {unknown}
 f - 2 scrolls of amnesia {unknown}
 h - a scroll of teleportation {unknown}
 i - a scroll of fear {unknown}
Potions
 a - a potion of heal wounds {unknown}
 b - a potion of attraction {unknown}
 j - a potion of curing {unknown}

Dungeon Overview and Level Annotations

Branches:
Dungeon (4/15)
 Temple: D:4-7

Altars:
Sif Muna

Shops:
D:2 *   D:3 (

Annotations:
D:4 Duvessa

#.##.....##..# ..........
........##... ..........
###.....####. .........#
##.....####.
....##.<.....####...........
..#..##...................##
.............#.###..###.#..#
..........Z........# #..##..
..........e@..##### #.###..
..........###.### #.# #..
................######)# #..
.........#####..##.....###..
............................
########.##........#######..
#....#...###### #..
#......### #.. #....### #..


You could see Duvessa (berserk) and a bullfrog skeleton.


Message History

Sif Muna accepts your kill.
You hear a distant scream of rage.
Things that are here:
a +1 dagger of speed {short}; a +0 robe You start resting.
Your tentacle spike disappears.
You are no longer glowing.
HP[+6] MP[+5]
You regained 6 hp, and now have 33/48 hp.
Your mp is fully restored (10).
k - a +1 dagger of speed {short} HP[+1] One of your tentacles grows a vicious spike.
MP[-1]
You lost 1 mp, and now have 9/10 mp.
Your tentacles tingle!
k - a +1 dagger of speed (weapon)
{short} You drop a +1 dagger of draining {short}.
You hear the hiss of a very distant avalanche of sand.
HP[+1] MP[+1]
Your mp is fully restored (10).
Your transformation is almost over.
An endoplasm comes into view.
HP[+1]
The endoplasm quivers.
You hit the endoplasm but do no damage. You squeeze the endoplasm.
The endoplasm closely misses you.
You hit the endoplasm but do no damage.
You pierce the endoplasm.
The endoplasm barely misses you.
You hit the endoplasm but do no damage.
You squeeze the endoplasm, but do no damage.
You barely miss the endoplasm. The endoplasm freezes you.
You are frozen.
HP[-2] MP[-1]
You take 2 damage, and now have 34/48 hp.
You lost 1 mp, and now have 9/10 mp.
Duvessa shouts!
You hit the endoplasm.
You kill the endoplasm!
Sif Muna accepts your kill.
Duvessa goes berserk!
You extend your transformation's duration.
MP[-1]
You lost 1 mp, and now have 8/10 mp.
A bullfrog skeleton comes into view.
You hit Duvessa but do no damage. You grab Duvessa. You constrict Duvessa.
Duvessa hits you with a +0 short sword.
HP[-5]
You take 5 damage, and now have 29/48 hp.
You hit Duvessa but do no damage.
You pierce Duvessa, but do no damage.
You tentacle-slap Duvessa, but do no damage.
You squeeze Duvessa, but do no damage. You constrict Duvessa.
Duvessa completely misses you.
You hit Duvessa but do no damage.
Your tentacle spike misses Duvessa.
You constrict Duvessa. Duvessa hits you with a +0 short sword!
* * * LOW HITPOINT WARNING * * *
HP[-9] MP[-3]
You take 9 damage, and now have 20/48 hp.
You lost 3 mp, and now have 5/10 mp.
You hit Duvessa but do no damage.
You pierce Duvessa.
You constrict Duvessa, but do no damage.
Duvessa completely misses you.
You hit Duvessa.
You pierce Duvessa, but do no damage.
You squeeze Duvessa.
Your transformation is almost over.
You constrict Duvessa, but do no damage.
Duvessa closely misses you.
You hit Duvessa but do no damage.
You constrict Duvessa, but do no damage.
Duvessa hits you with a +0 short sword.
* * * LOW HITPOINT WARNING * * *
HP[-2] MP[-1]
You take 2 damage, and now have 18/48 hp.
You lost 1 mp, and now have 4/10 mp.
You hit Duvessa but do no damage.
You pierce Duvessa.
You constrict Duvessa, but do no damage.
Duvessa hits you with a +0 short sword!!
* * * LOW HITPOINT WARNING * * *
HP[-17] MP[-3]
You take 17 damage, and now have 1/48 hp.
MASSIVE DAMAGE!! (PAUSE)
You lost 3 mp, and now have 1/10 mp.
You hit Duvessa.
You constrict Duvessa, but do no damage.
Duvessa misses you. The bullfrog skeleton misses you.
MP[+1]
You hit Duvessa but do no damage.
You pierce Duvessa, but do no damage.
You constrict Duvessa, but do no damage.
Duvessa hits you but does no damage.
You hit Duvessa but do no damage.
You pierce Duvessa, but do no damage.
You tentacle-slap Duvessa, but do no damage.
You squeeze Duvessa, but do no damage.
You constrict Duvessa, but do no damage.
The bullfrog skeleton closely misses you.
Duvessa misses you.
You hit Duvessa but do no damage.
You constrict Duvessa, but do no damage.
The bullfrog skeleton hits you. Duvessa hits you with a +0 short sword!
You die...

Skill      XL: |  1  2  3  4  5  6 |
---------------+-------------------+-----
Unarmed Combat | 4 5 6 |  6.5
Fighting       | 4 |  4.0
Dodging        | 3 |  3.0
Stealth        | 3 |  3.0
Spellcasting   | |  2.0
Transmutations | |  2.0

Action                   |  1- 3 |  4- 6 |  7- 9 || total
-------------------------+-------+-------+-------++-------
Melee: Unarmed           |    52 |       |       ||    52
       Kick              |    11 |    25 |     8 ||    44
       Constrict         |    14 |    21 |     4 ||    39
       Punch             |     3 |     6 |     3 ||    12
       Tentacles         |     9 |    19 |     7 ||    35
       Dagger            |     5 |    93 |    28 ||   126
 Cast: Beastly Appendage |    16 |    22 |     3 ||    41
 Stab: Sleeping          |     2 |     9 |     1 ||    12
Armor: Skin              |     5 |     1 |     2 ||     8
Dodge: Dodged            |    35 |    40 |    13 ||    88

Levels and vault maps discovered:
D:1:      dpeg_arrival_stone_temple_mockup, layout_basic
D:2:      layout_loops_ring, serial_shops, shop, uniq_sigmund, uniq_robin
D:3:      layout_basic, kennysheep_orc_sif_temple,
          shapermc_ecumenical_altar_mp_vishouse, gammafunk_ghost_grave,
          serial_shops, nicolae_shop_bloodbath_and_beyond
D:4:      layout_rooms, gammafunk_ghost_icy, enter_ossuary_5, uniq_ijyb,
          uniq_duvessa, uniq_grinder, uniq_crazy_yiuf_cottage

Notes
Turn   | Place    | Note
-------+----------+-------------------------------------------
     0 | D:1      | zeratav the Octopode Transmuter began the quest for the
                  | Orb.
     0 | D:1      | Reached XP level 1. HP: 13/13 MP: 3/3
     0 | D:1      | magus.rc [v1.9.6]
   174 | D:1      | Reached XP level 2. HP: 13/18 MP: 3/5
   660 | D:1      | You fall into a shaft and drop 1 floor!
   668 | D:2      | Found Iphaq's General Store.
   739 | D:2      | Reached skill level 4 in Unarmed Combat
   740 | D:2      | Noticed Robin
   755 | D:2      | Reached XP level 3. HP: 17/23 MP: 6/6
   756 | D:2      | magus.rc [v1.9.6]
   756 | D:2      | magus.rc [v1.9.6]
   759 | D:2      | Killed Robin
  1297 | D:2      | Noticed Sigmund
  1302 | D:2      | Killed Sigmund
  1303 | D:2      | Reached skill level 5 in Unarmed Combat
  1303 | D:2      | Reached skill level 4 in Fighting
  1303 | D:2      | Reached XP level 4. HP: 17/33 MP: 7/7
  1303 | D:2      | Reached XP level 5. HP: 19/37 MP: 8/8
  1612 | D:2      | Reached XP level 6. HP: 39/43 MP: 6/9
  2690 | D:3      | Reached skill level 3 in Dodging
  2985 | D:3      | Reached skill level 1 in Stealth
  3016 | D:3      | Found a runed translucent door.
  3020 | D:3      | Noticed zeratav's ghost (weakling OpTm)
  3111 | D:3      | Found a faded altar of an unknown god.
  3180 | D:3      | Found Hoshrav's Weapon Boutique.
  3248 | D:3      | Found a shimmering blue altar of Sif Muna.
  3254 | D:3      | Became a worshipper of Sif Muna the Loreminder
  3674 | D:3      | HP: 9/43 [zeratav's ghost (3)]
  3677 | D:3      | HP: 3/43 [zeratav's ghost (5)]
  3678 | D:3      | Killed zeratav's ghost
  3679 | D:3      | Reached skill level 2 in Stealth
  4073 | D:4      | Noticed Grinder
  4079 | D:4      | Paralysed by Grinder for 6 turns
  4101 | D:4      | Killed Grinder
  4102 | D:4      | Reached skill level 3 in Stealth
  4102 | D:4      | Reached skill level 6 in Unarmed Combat
  4102 | D:4      | Reached XP level 7. HP: 30/48 MP: 6/10
  4237 | D:4      | Noticed Dowan
  4237 | D:4      | Noticed Duvessa
  4277 | D:4      | Killed Dowan
  4348 | D:4      | HP: 1/48 [Duvessa/+0 short sword (17)]
  4352 | D:4      | Mangled by Duvessa

Vanquished Creatures
  Grinder (D:4)
  Sigmund (D:2)
  Dowan (D:4)
  The ghost of zeratav the Insei, a weakling OpTm (D:3)
  A hound (D:4)
  Robin (D:2)
  4 adders
  3 dart slugs
  7 orcs
  5 bats
  7 endoplasms
  5 giant cockroaches
  6 goblins
  6 hobgoblins
  3 jackals (D:3)
  5 quokkas
  3 ball pythons
  3 frilled lizards
  7 kobolds
  3 rats
73 creatures vanquished.

Table legend:
 A = Non-vault XP
 B = Vault XP
 C = Vault XP percentage of total XP
 D = Non-vault monster count
 E = Vault monster count
 F = Vault count percentage of total count
                 A         B        C        D         E       F
            +---------+---------+-------+---------+---------+-------
      Total |     204 |     681 |  76.9 |      61 |      12 |  16.4
            +---------+---------+-------+---------+---------+-------
        D:1 |      23 |       0 |   0.0 |      14 |       0 |   0.0
        D:2 |      79 |     268 |  77.2 |      22 |       8 |  26.7
        D:3 |      55 |      55 |  50.0 |      22 |       2 |   8.3
        D:4 |      47 |     358 |  88.4 |       3 |       2 |  40.0
            +---------+---------+-------+---------+---------+-------

Illustrated notes

Table legend:
 A = Kills in this place as a percentage of kills in entire the game.
 B = Kills by you in this place as a percentage of kills by you in the entire game.
 C = Kills by friends in this place as a percentage of kills by friends in the entire game.
 D = Other kills in this place as a percentage of other kills in the entire game.
 E = Experience gained in this place as a percentage of experience gained in the entire game.
 F = Experience gained in this place divided by the number of levels of this place that you have seen.
                   A       B       C       D       E      F
               +-------+-------+-------+-------+-------+----------------------
         Total | 100.0 | 100.0 |   N/A |   N/A | 100.0 | 221.2
       Dungeon | 100.0 | 100.0 |   N/A |   N/A | 100.0 | 221.2
               +-------+-------+-------+-------+-------+----------------------

Table legend: (Time is in decaauts)
 A = Elapsed time spent in this place.
 B = Non-inter-level travel time spent in this place.
 C = Inter-level travel time spent in this place.
 D = Time resting spent in this place.
 E = Time spent auto-exploring this place.
 F = Levels seen in this place.
 G = Mean time per level.
                   A        B        C        D        E       F      G
               +--------+--------+--------+--------+--------+-----+--------+
         Total |   4342 |   4322 |     20 |   1559 |   2179 |   4 | 1085.5 |
       Dungeon |   4342 |   4322 |     20 |   1559 |   2179 |   4 | 1085.5 |
               +--------+--------+--------+--------+--------+-----+--------+

Top non-repeatable levels by time:
     D:3: 1833 daAuts
     D:2: 1574 daAuts
     D:1: 658 daAuts
     D:4: 276 daAuts
